 Dungeon Crawl Stone Soup version 0.22-a0-799-g88f5e907b7 (webtiles) character file.

17312 Htamos the Envoy of Void (level 12, -5/159 HPs)
             Began as a Hill Orc Abyssal Knight on July 21, 2018.
             Was a High Priest of Lugonu.
             Slain by a komodo dragon (18 damage)
             ... on level 1 of the Lair of Beasts.
             The game lasted 00:29:24 (15601 turns).

Htamos the Envoy of Void (Hill Orc Abyssal Knight) Turns: 15601, Time: 00:29:25

Health: -5/159     AC: 26    Str: 16    XL:     12   Next: 46%
Magic:  22/22      EV:  2    Int: 12    God:    Lugonu [*****.]
Gold:   490        SH:  0    Dex: 14    Spells: 11/11 levels left

rFire    . . .     SeeInvis +   A - +5 battleaxe
rCold    . . .     Gourm    .   (shield currently unavailable)
rNeg     + + +     Faith    .   (armour currently unavailable)
rPois    +         Spirit   .   (helmet currently unavailable)
rElec    .         Reflect  .   (cloak currently unavailable)
rCorr    .         Harm     .   (gloves currently unavailable)
MR       +....     NoTele   +   (boots currently unavailable)
Stlth    +.........             i - amulet of rage
HPRegen  0.36/turn              F - ring of see invisible
MPRegen  0.18/turn              G - ring of protection from magic

@: tree-form
A: no striking features
a: Depart the Abyss, Bend Space, Banish, Corrupt, Enter the Abyss, Renounce
Religion, Evoke Berserk Rage


You were on level 1 of the Lair of Beasts.
You worshipped Lugonu.
Lugonu was extremely pleased with you.
You were very hungry.
You were a tree.
You visited 2 branches of the dungeon, and saw 13 of its levels.
You visited the Abyss 1 time.

You collected 718 gold pieces.
You spent 228 gold pieces at shops.

Inventory:

Hand Weapons
 a - a +1 hand axe
 w - a +0 whip of pain
 x - a +1 war axe of chopping
 A - a +5 battleaxe (weapon)
Armour
 b - a +0 leather armour
 d - a +0 scale mail
 e - a +0 pair of gloves (melded)
 v - a +2 helmet (melded)
 y - a +0 chain mail
 C - a +2 chain mail of fire resistance (melded)
 N - a +0 pair of boots (melded)
Jewellery
 i - an amulet of rage (around neck)
 o - an uncursed ring of attention
 z - an uncursed amulet of harm {unknown}
 F - a ring of see invisible (left branch)
 G - a ring of protection from magic (right branch)
 H - a cursed ring of fire {unknown}
 L - a +3 ring of dexterity {unknown}
 S - an uncursed ring of poison resistance {unknown}
 U - an uncursed amulet of regeneration {unknown}
Wands
 t - a wand of polymorph (28)
 u - a wand of iceblast (28)
 I - a wand of digging (10)
 P - a wand of random effects (33)
 Q - a wand of acid (10)
Scrolls
 h - 13 scrolls of identify
 j - 6 scrolls of magic mapping
 l - 4 scrolls of remove curse
 m - 3 scrolls of enchant armour
 q - a scroll of fear
 r - 3 scrolls of immolation
 K - a scroll of teleportation
 M - a scroll of enchant weapon
 R - 2 scrolls of blinking
Potions
 f - 2 potions of brilliance {unknown}
 g - 5 potions of curing
 n - a potion of resistance {unknown}
 p - 2 potions of lignification
 s - 2 potions of degeneration {unknown}
 B - a potion of berserk rage {unknown}
 D - 3 potions of magic {unknown}
 T - a potion of flight {unknown}
Miscellaneous
 E - a lightning rod (4/4)
 J - a phantom mirror
 O - a box of beasts
Comestibles
 c - 21 rations


   Skills:
 + Level 10.1 Fighting
 * Level 14.0 Axes
 + Level 8.9 Armour
 + Level 1.8 Dodging
 * Level 14.0 Invocations
 + Level 5.8 Evocations


You had 11 spell levels left.
You didn't know any spells.
Your spell library contained the following spells:

 Spells                   Type           Power        Failure   Level  Hunger
 Magic Dart               Conj           #...         32%         1    ##.....
 Fireball                 Conj/Fire      #.........   100%        5    ######.
 Conjure Flame            Conj/Fire      #.......     69%         3    ####...
 Slow                     Hex            #.......     45%         2    ###....
 Confuse                  Hex            #.......     69%         3    ####...
 Throw Flame              Conj/Fire      #.....       45%         2    ###....
 Mephitic Cloud           Conj/Pois/Air  #.......     69%         3    ####...
 Blink                    Tloc           N/A          45%         2    ###....
 Sticky Flame             Conj/Fire      #.......     97%         4    #####..
 Call Imp                 Summ           #.......     45%         2    ###....
 Confusing Touch          Hex            #.....       32%         1    ##.....
 Flame Tongue             Conj/Fire      #....        32%         1    ##.....
 Metabolic Englaciation   Hex/Ice        #.........   100%        5    ######.
 Petrify                  Tmut/Erth      #.......     97%         4    #####..
 Inner Flame              Hex/Fire       #.......     69%         3    ####...
 Gell's Gravitas          Tloc           #.........   69%         3    ####...
 Yara's Violent Unravell  Hex/Tmut       #.........   100%        5    ######.


Dungeon Overview and Level Annotations

Branches:
Dungeon (12/15)            Temple (0/1) D:4            Lair (1/6) D:8
    Orc (0/2) D:9

Altars:
Dithmenos

Shops:
D:4 [   D:5 *   D:6 [   D:9 [   D:10 =


Message History

The komodo dragon bites you!
* * * LOW HITPOINT WARNING * * *
You closely miss the komodo dragon.
The komodo dragon is heavily wounded.
The komodo dragon bites you.
* * * LOW HITPOINT WARNING * * *
You closely miss the komodo dragon.
The komodo dragon is heavily wounded.
The komodo dragon completely misses you.
You slash the komodo dragon!
The komodo dragon is severely wounded.
The komodo dragon bites you but does no damage.
You hit the komodo dragon but do no damage.
The komodo dragon is severely wounded.
The komodo dragon bites you!
* * * LOW HITPOINT WARNING * * *
You slash the komodo dragon!
The komodo dragon is almost dead.
The komodo dragon bites you!!
You die...

.............
........................
........................
........................
..................#.....
........................
........$...............
......l.................
#♣................
#.................
#.......##........
##.##...###.......
###.....#........
#...........#..
#P...........###
##...........#
##...........#


You could see a komodo dragon.

Vanquished Creatures
  Erica (D:9)
  3 two-headed ogres
  3 skeletal warriors (D:11)
  Pikel (D:6)
  A cyclops (D:11)
  2 ugly things (D:11)
  2 manticores
  Maurice (D:8)
  3 centaur skeletons
  Psyche (D:11)
  A spiny frog (Lair:1)
  A redback zombie (D:12)
  2 hornets
  A troll (D:12)
  Grinder (D:6)
  4 hippogriffs
  A shadow (D:12)
  A wyvern (D:7)
  A steam dragon (D:6)
  2 hungry ghosts (D:8)
  Menkaure (D:6)
  A hog (shapeshifter) (D:10)
  5 ice beasts
  4 sky beasts
  3 orc warriors
  A black bear (D:7)
  3 ogres
  An eye of draining (D:12)
  6 centaurs
  2 big kobolds
  A bullfrog (D:11)
  2 wyvern zombies
  4 scorpions
  3 killer bees (D:7)
  15 wights
  3 howler monkeys (D:9)
  5 crimson imps
  2 bullfrog zombies
  2 centaur zombies
  5 hounds
  5 jellies
  3 orc priests
  3 bullfrog skeletons
  Terence (D:3)
  Ijyb (D:3)
  5 iguanas
  13 worker ants
  11 orc wizards
  A hound zombie (D:8)
  A worker ant zombie (D:10)
  Robin (D:3)
  7 gnolls
  5 adders
  2 shadow imps
  5 oozes (D:8)
  2 adder skeletons (D:8)
  3 worms
  A dart slug (D:3)
  6 leopard geckos
  37 orcs
  2 bats (D:2)
  5 giant cockroaches
  13 hobgoblins
  15 jackals
  22 kobolds
  2 quokkas
  2 ball pythons
  3 frilled lizards
  13 goblins
  2 leopard gecko zombies
  10 rats
304 creatures vanquished.

Vanquished Creatures (others)
  A slime creature (D:12)
  3 slaves (D:6)
  An ogre (D:6)
  A centaur skeleton (D:6)
  An orc (D:6)
  A giant cockroach (D:6)
8 creatures vanquished.

Grand Total: 312 creatures vanquished

Notes
Turn   | Place    | Note
-------+----------+-------------------------------------------
     0 | Abyss:1  | Htamos the Hill Orc Abyssal Knight began the quest for the Orb.
     0 | Abyss:1  | Reached XP level 1. HP: 19/19 MP: 2/2
    93 | Abyss:1  | Found a roughly hewn altar of Beogh.
   134 | Abyss:1  | Noticed an ancient zyme
   168 | Abyss:1  | Found a corrupted altar of Lugonu.
   334 | Abyss:1  | Noticed a small abomination
   337 | Abyss:1  | Noticed a freezing wraith
   344 | D:1      | Escaped the Abyss
   876 | D:1      | Reached XP level 2. HP: 27/27 MP: 4/4
  1093 | D:1      | Reached * piety under Lugonu
  1397 | D:1      | Reached XP level 3. HP: 33/33 MP: 5/5
  1848 | D:2      | Noticed a hippogriff
  1862 | D:2      | Killed a hippogriff
  1862 | D:2      | Reached XP level 4. HP: 11/41 MP: 5/7
  1862 | D:2      | Reached XP level 5. HP: 13/47 MP: 5/8
  1864 | D:2      | Reached skill level 5 in Axes
  2383 | D:2      | Reached XP level 6. HP: 53/53 MP: 9/9
  2406 | D:2      | Reached ** piety under Lugonu
  2715 | D:3      | Noticed Ijyb
  2723 | D:3      | Killed Ijyb
  2723 | D:3      | Reached skill level 5 in Invocations
  2782 | D:3      | Noticed Terence
  2795 | D:3      | Killed Terence
  3087 | D:3      | Noticed Robin
  3125 | D:3      | Killed Robin
  3979 | D:4      | Reached *** piety under Lugonu
  4057 | D:4      | Reached skill level 5 in Fighting
  4057 | D:4      | Reached XP level 7. HP: 60/61 MP: 11/11
  4640 | D:4      | Found a staircase to the Ecumenical Temple.
  4735 | D:4      | Found a shadowy altar of Dithmenos.
  4759 | D:4      | Found Loteacle's Antique Armour Shop.
  4763 | D:4      | Bought a runed chain mail for 165 gold pieces
  4815 | D:5      | Entered Level 5 of the Dungeon
  4833 | D:5      | Reached XP level 8. HP: 63/69 MP: 13/13
  4869 | D:5      | Found Xeskizal's General Store.
  5392 | D:6      | Noticed Pikel
  5399 | D:6      | Killed Pikel
  5399 | D:6      | Reached skill level 5 in Armour
  5670 | D:6      | Noticed Menkaure
  5675 | D:6      | Killed Menkaure
  5675 | D:6      | Reached XP level 9. HP: 41/78 MP: 15/15
  5866 | D:6      | Found Madgh's Armour Boutique.
  5902 | D:6      | Reached **** piety under Lugonu
  6161 | D:6      | Noticed Grinder
  6167 | D:6      | Killed Grinder
  6310 | D:7      | Reached skill level 1 in Evocations
  6428 | D:7      | Reached skill level 10 in Axes
  6428 | D:7      | Reached skill level 10 in Invocations
  7275 | D:7      | Reached XP level 10. HP: 66/86 MP: 17/17
  7867 | D:8      | Found a staircase to the Lair.
  7955 | D:8      | Noticed a two-headed ogre
  7960 | D:8      | Killed a two-headed ogre
  8200 | D:8      | Noticed Maurice
  8213 | D:8      | Killed Maurice
  8291 | D:8      | Noticed a two-headed ogre
  8298 | D:8      | Killed a two-headed ogre
  9117 | D:9      | Noticed Erica
  9149 | D:9      | Killed Erica
  9149 | D:9      | Reached XP level 11. HP: 61/95 MP: 18/20
  9781 | D:9      | Found a staircase to the Orcish Mines.
  9781 | D:9      | Found Vipecing's Armour Boutique.
  9822 | D:9      | Bought a +0 pair of boots for 63 gold pieces
  9888 | D:9      | Reached ***** piety under Lugonu
 10227 | D:10     | Entered Level 10 of the Dungeon
 11281 | D:10     | Found Kishrih's Jewellery Boutique.
 11468 | D:11     | Paralysed by a hornet for 2 turns
 11940 | D:11     | Noticed a manticore
 11951 | D:11     | Killed a manticore
 12213 | D:11     | Noticed Psyche
 12225 | D:11     | Killed Psyche
 12322 | D:11     | Noticed a cyclops
 12335 | D:11     | Killed a cyclops
 12463 | D:11     | Noticed a purple ugly thing
 12482 | D:11     | Killed a purple ugly thing
 12642 | D:11     | Noticed a skeletal warrior
 12644 | D:11     | Noticed a skeletal warrior
 12656 | D:11     | Killed a skeletal warrior
 12662 | D:11     | Killed a skeletal warrior
 12662 | D:11     | Reached skill level 5 in Evocations
 12663 | D:11     | Noticed a skeletal warrior
 12798 | D:11     | Killed a skeletal warrior
 13148 | D:11     | Noticed a white ugly thing
 13158 | D:11     | Killed a white ugly thing
 13350 | D:12     | Noticed a two-headed ogre
 13368 | D:11     | Killed a two-headed ogre
 13368 | D:11     | Reached XP level 12. HP: 47/106 MP: 22/22
 13696 | D:12     | Reached skill level 1 in Dodging
 14064 | D:12     | Paralysed by a hornet for 3 turns
 14574 | D:12     | Reached skill level 10 in Fighting
 15352 | Lair:1   | Entered Level 1 of the Lair of Beasts
 15601 | Lair:1   | Slain by a komodo dragon

Vault maps used:
D:1:      lightli_molten_gateway, minmay_pentomino_p2
D:2:      st_stairs_9, roderic_three_in_a_row
D:3:      first_ration, uniq_robin, uniq_terence, uniq_ijyb
D:4:      overflow_temple_1_default, minmay_temple_entry_enclosed_plants,
          serial_shops, shop
D:5:      serial_shops, shop
D:6:      serial_shops, nicolae_shop_crystal, uniq_grinder, uniq_pikel,
          uniq_menkaure
D:8:      dpeg_oklobed_lair, hangedman_little_slice_of_home, uniq_maurice
D:9:      orc_david_3, minmay_misc_feat_ornament, uniq_erica
D:10:     serial_shops, shop, kennysheep_potato
D:11:     lab_entry_generic, uniq_psyche

Skill      XL: |  1  2  3  4  5  6  7  8  9 10 11 12 |
---------------+-------------------------------------+-----
Axes           | 3 4 5 6 7 8 10 12 13 14 | 14.0
Invocations    | 3 4 5 7 8 10 12 13 14 | 14.0
Fighting       | 4 5 6 7 8 9 10 | 10.1
Armour         | 3 4 5 6 7 8 |  8.9
Evocations     | 2 3 5 |  5.8
Dodging        | 1 |  1.8

Action                   |  1- 3 |  4- 6 |  7- 9 | 10-12 || total
-------------------------+-------+-------+-------+-------++-------
Melee: Hand axe          |    89 |   155 |       |       ||   244
       War axe           |       |    26 |     8 |       ||    34
       Battleaxe         |       |       |   215 |   530 ||   745
       Whip              |       |       |     2 |       ||     2
Invok: Depart the Abyss  |     1 |       |       |       ||     1
       Banish            |       |       |     1 |     2 ||     3
 Abil: Evoke Berserk Rag |       |       |       |     3 ||     3
  Use: Potion            |     4 |     2 |     3 |     3 ||    12
       Scroll            |       |       |    10 |     2 ||    12
  Eat: Chunk             |     3 |     7 |     9 |    24 ||    43
       Ration            |       |       |       |     3 ||     3
Armor: Scale mail        |    48 |    61 |       |       ||   109
       Chain mail        |       |    16 |   155 |   356 ||   527
       Skin              |       |       |    16 |     2 ||    18
Dodge: Dodged            |    49 |    68 |    88 |   182 ||   387

Table legend:
 A = Spawn XP
 B = Non-spawn XP
 C = Spawn XP percentage of total XP
 D = Spawn monster count
 E = Non-spawn monster count
 F = Spawn count percentage of total count
 G = Total turns spent on level
                    A         B        C        D         E        F      G
               +---------+---------+-------+---------+---------+-------+---------
         Total |       0 |   24732 |   0.0 |       0 |     307 |   0.0 | 15601
               +---------+---------+-------+---------+---------+-------+---------
           D:1 |       0 |      36 |   0.0 |       0 |      24 |   0.0 |  1199
           D:2 |       0 |     294 |   0.0 |       0 |      24 |   0.0 |  1127
           D:3 |       0 |     201 |   0.0 |       0 |      33 |   0.0 |  1286
           D:4 |       0 |     652 |   0.0 |       0 |      22 |   0.0 |   867
           D:5 |       0 |     189 |   0.0 |       0 |       9 |   0.0 |   433
           D:6 |       0 |    2101 |   0.0 |       0 |      24 |   0.0 |  1320
           D:7 |       0 |    1594 |   0.0 |       0 |      27 |   0.0 |  1368
           D:8 |       0 |    3473 |   0.0 |       0 |      32 |   0.0 |  1218
           D:9 |       0 |    1582 |   0.0 |       0 |      20 |   0.0 |  1121
          D:10 |       0 |    1297 |   0.0 |       0 |      24 |   0.0 |  1246
          D:11 |       0 |    7578 |   0.0 |       0 |      27 |   0.0 |  2128
          D:12 |       0 |    5353 |   0.0 |       0 |      40 |   0.0 |  1695
        Lair:1 |       0 |     382 |   0.0 |       0 |       1 |   0.0 |   249
               +---------+---------+-------+---------+---------+-------+---------
